 Dungeon Crawl Stone Soup version 0.27-a0-419-g7a85846853 (webtiles) character file.

Game seed: 14201629273893775142

58 Chiseanne the Skirmisher (level 3, -1/28 HPs)
             Began as a Demonspawn Wanderer on Feb 26, 2021.
             Splashed by a jelly's acid (8 damage)
             ... on level 2 of the Dungeon.
             The game lasted 00:02:39 (2378 turns).

Chiseanne the Skirmisher (Demonspawn Wanderer)      Turns: 2378, Time: 00:02:39

Health: -1/28      AC:  0    Str: 10    XL:     3   Next: 75%
Magic:  6/6        EV: 12    Int: 16    God:
Gold:   61         SH:  0    Dex: 12    Spells: 6/6 levels left

rFire    . . .     SeeInvis .   a - +0 falchion
rCold    . . .     Faith    .   (no shield)
rNeg     . . .     Spirit   .   d - +0 robe
rPois    .         Reflect  .   (no helmet)
rElec    .         Harm     .   i - +0 cloak
rCorr    .         Rampage  .   (no gloves)
Will     .....                  j - +0 pair of boots
Stlth    +.........             (no amulet)
HPRegen  0.09/turn              (no ring)
MPRegen  0.10/turn              (no ring)

@: corroded
A: ignite blood 2
a: no special abilities


You were on level 2 of the Dungeon.
You visited 1 branch of the dungeon, and saw 2 of its levels.

You collected 61 gold pieces.

Inventory:

Hand Weapons
 a - a +0 falchion (weapon)
Missiles
 e - 97 sling bullets
 h - 8 boomerangs (quivered)
 k - 28 stones
 m - 14 bolts
Armour
 d - a +0 robe (worn)
 i - a +0 cloak (worn)
 j - a +0 pair of boots (worn)
Scrolls
 c - 3 scrolls of identify
 f - a scroll of fear
 g - a scroll of teleportation {unknown}
 p - a scroll of enchant weapon {unknown}
Potions
 b - a potion of cancellation
 l - a potion of heal wounds {unknown}
 n - a potion of degeneration {unknown}
 o - a potion of haste {unknown}


   Skills:
 * Level 2.6 Fighting
 - Level 1.7 Long Blades
 - Level 1.0 Throwing
 * Level 2.1 Dodging
 - Level 1.0 Shields
 - Level 2.0 Spellcasting
 - Level 1.0 Conjurations
 - Level 2.0 Poison Magic


You had 6 spell levels left.
You didn't know any spells.
Your spell library contained the following spells:

 Spells                   Type           Power        Failure   Level
 Magic Dart               Conj           16%          14%         1
 Sandblast                Erth           2%           21%         1
 Blink                    Tloc           N/A          30%         2
 Call Imp                 Summ           1%           30%         2
 Slow                     Hex            1%           30%         2
 Mephitic Cloud           Conj/Pois/Air  4%           38%         3
 Conjure Flame            Conj/Fire      3%           45%         3
 Stone Arrow              Conj/Erth      6%           45%         3


Dungeon Overview and Level Annotations

Branches:
Dungeon (2/15)

Altars:
Yredelemnul

Annotations:
D:2 1 runed translucent door


Innate Abilities, Weirdness & Mutations

Your demonic aura often causes spilled blood to erupt in flames


Message History

A jelly comes into view.
You see here a +0 short sword.
You hit the jelly. The acid corrodes you!
Your hands burn!
The jelly is moderately wounded.
The jelly hits you.
You are splashed with acid.
You are too injured to fight recklessly!
You are too injured to fight recklessly!
You are too injured to fight recklessly!
You are too injured to fight recklessly!
You are too injured to fight recklessly!
You are too injured to fight recklessly!
You are too injured to fight recklessly!
You are too injured to fight recklessly!
You are too injured to fight recklessly!
You are too injured to fight recklessly!
You are too injured to fight recklessly!
You are too injured to fight recklessly!
You are too injured to fight recklessly!
You are too injured to fight recklessly!
You are too injured to fight recklessly!
You are too injured to fight recklessly!
You hit the jelly.
Your hands burn!
The jelly is moderately wounded.
The jelly misses you. x2; You riposte.
You hit the jelly.
The jelly is heavily wounded.
You hit the jelly.
Your hands burn!
The jelly is severely wounded.
The jelly barely misses you.
An ooze comes into view.
You aren't carrying any items that you can evoke.
Unknown command.
Okay, then.
The ooze quivers.
You hit the jelly but do no damage.
Your hands burn!
* * * LOW HITPOINT WARNING * * *
The jelly is severely wounded.
The jelly hits you.
* * * LOW HITPOINT WARNING * * *
You are splashed with acid!
You die...

#.....# #.# ###.#.#
#K# ....#.# #.#
.####.. #.# .# #..
#.# .# .. #.# ## ...
#K# .# #######J#
#####.### .#
##..)@J.# #.......#
.#######. #.########
#.......# ......##.
##..'....# #...>...#
#####.##.#
####....###.......#
..##.....##
#.......##........#
#.##.#.#..#
#.......###.......#
#....#.##.# #.......#
#.).....#
#<...#.##.###.......#
#.......#
..##.#.##..###.....##
#.......#


You could see a jelly and an ooze.

Vanquished Creatures
  An adder (D:2)
  4 dart slugs
  3 giant cockroaches
  2 goblins
  6 hobgoblins
  4 jackals (D:1)
  7 kobolds
  6 bats
  A frilled lizard (D:2)
  5 rats
39 creatures vanquished.

Vanquished Creatures (others)
  11 fungi (D:2)
  4 toadstools (D:2)
15 creatures vanquished.

Grand Total: 54 creatures vanquished

Notes
Turn   | Place    | Note
-------+----------+-------------------------------------------
     0 | D:1      | Chiseanne the Demonspawn Wanderer began the quest for the
                  | Orb.
     0 | D:1      | Chiseanne set off with the following items: a +0 falchion,
                  | a +0 robe; and the following spells available to memorise:
                  | Magic Dart, Sandblast, Blink, Call Imp, Slow, Mephitic
                  | Cloud, Conjure Flame, Stone Arrow
     0 | D:1      | Reached XP level 1. HP: 15/15 MP: 3/3
   171 | D:1      | Gained mutation: Your demonic aura sometimes causes spilled
                  | blood to erupt in flames [demonic ancestry]
   171 | D:1      | Reached XP level 2. HP: 19/21 MP: 5/5
   231 | D:1      | Reached skill level 1 in Dodging
   479 | D:1      | HP: 1/22 [jackal (2)]
   831 | D:1      | HP: 1/22 [hobgoblin/+0 club (4)]
   834 | D:1      | Gained mutation: Your demonic aura often causes spilled
                  | blood to erupt in flames [demonic ancestry]
   834 | D:1      | Reached XP level 3. HP: 2/27 MP: 6/6
  1645 | D:2      | Found a runed translucent door.
  1645 | D:2      | Noticed a human
  1649 | D:2      | Found a basalt altar of Yredelemnul.
  2378 | D:2      | Splashed by a jelly's acid

Illustrated notes

Levels and vault maps discovered:
D:1:      mrwooster_arrival_arrow, layout_loops_ring
D:2:      cheibrodos_fertilizer, layout_rooms, dk_yredelemnul_ordeal

Skill      XL: |  1  2  3 |
---------------+----------+-----
Dodging        | 1 2 |  2.1
Fighting       | 2 |  2.6
Long Blades    | |  1.7
Throwing       | |  1.0
Shields        | |  1.0
Spellcasting   | |  2.0
Conjurations   | |  1.0
Poison Magic   | |  2.0

Action                   || total
-------------------------++-------
Melee: Falchion          ||   129
  Use: Potion            ||     2
       Scroll            ||     1
 Stab: Sleeping          ||     1
Armor: Robe              ||    31
Dodge: Dodged            ||   118
       Rpst.: Falchion   ||    30

Table legend: (Time is in decaauts)
 A = Elapsed time spent in this place.
 B = Non-inter-level travel time spent in this place.
 C = Inter-level travel time spent in this place.
 D = Time resting spent in this place.
 E = Time spent auto-exploring this place.
 F = Levels seen in this place.
 G = Mean time per level.
                   A        B        C        D        E       F      G
               +--------+--------+--------+--------+--------+-----+--------+
         Total |   2405 |   2394 |     11 |    906 |   1120 |   2 | 1202.5 |
       Dungeon |   2405 |   2394 |     11 |    906 |   1120 |   2 | 1202.5 |
               +--------+--------+--------+--------+--------+-----+--------+

Top non-repeatable levels by time:
     D:1: 1384 daAuts
     D:2: 1021 daAuts
